 Dungeon Crawl Stone Soup version 0.27-a0-1139-g28e009f8a6 (webtiles) character file.

Game seed: 14607583128232610103

5557 Zeld the Blocker (level 10, -4/73 HPs)
             Began as an Octopode Fighter on May 7, 2021.
             Was a Believer of Okawaru.
             Slain by an orc warrior (10 damage)
             ... in a bailey.
             The game lasted 00:24:09 (16389 turns).

Zeld the Blocker (Octopode Fighter)                Turns: 16389, Time: 00:24:12

Health: -4/73      AC:  1    Str: 24    XL:     10   Next: 71%
Magic:  10/10      EV: 12    Int: 12    God:    Okawaru [**....]
Gold:   206        SH: 12    Dex: 11    Spells: 9/9 levels left

rFire    . . .     SeeInvis .   a - +0 war axe
rCold    . . .     Faith    .   b - +0 kite shield
rNeg     . . .     Spirit   .   (helmet restricted)
rPois    .         Reflect  .   i - amulet of the acrobat
rElec    .         Harm     .   c - +6 ring of strength
rCorr    .         Rampage  .   m - ring of wizardry
Will     .....                  n - ring of wizardry
Stlth    +++.......             t - ring of wizardry
HPRegen  0.22/turn              (no ring)
MPRegen  0.12/turn              (no ring)
                                (no ring)
                                (no ring)

@: about to teleport
A: almost no armour, amphibious, 8 rings, camouflage 1, gelatinous body 1,
nimble swimmer 1, tentacles
a: Renounce Religion, Heroism


You were in a bailey.
You worshipped Okawaru.
Okawaru was pleased with you.
You visited 2 branches of the dungeon, and saw 10 of its levels.
You also visited: Bailey.

You collected 396 gold pieces.
You spent 190 gold pieces at shops.

Inventory:

Hand Weapons
 a - a +0 war axe (weapon)
Missiles
 g - 39 poisoned darts (quivered)
Armour
 b - a +0 kite shield (worn)
Jewellery
 c - a +6 ring of strength (left tentacle)
 i - an amulet of the acrobat (around mantle)
 m - a ring of wizardry (right tentacle)
 n - a ring of wizardry (on tentacle)
 t - a ring of wizardry (on tentacle)
Wands
 k - a wand of paralysis (18)
 l - a wand of flame (31)
 p - a wand of iceblast (11)
Scrolls
 d - 3 scrolls of teleportation
 q - a scroll of torment {unknown}
 r - a scroll of enchant weapon {unknown}
 s - a scroll of holy word {unknown}
 v - a scroll of blinking {unknown}
Potions
 e - a potion of might
 h - a potion of magic
 j - a potion of flight
 u - a potion of resistance {unknown}


   Skills:
 * Level 8.9 Fighting
 * Level 8.6 Axes
 - Level 6.0 Throwing
 - Level 3.0 Dodging
 * Level 9.0 Shields


You had 9 spell levels left.
You didn't know any spells.
Your spell library contained the following spells:

 Spells                   Type           Power      Damage    Failure   Level
 Beastly Appendage        Tmut           0%         N/A       13%         1
 Poisonous Vapours        Pois/Air       0%         N/A       21%         2
 Wereblood                Tmut           0%         N/A       21%         2
 Conjure Flame            Conj/Fire      0%         6-21      36%         3
 Mephitic Cloud           Conj/Pois/Air  0%         N/A       36%         3
 Spider Form              Tmut/Pois      0%         N/A       36%         3
 Ice Form                 Ice/Tmut       0%         N/A       73%         4
 Bolt of Magma            Conj/Fire/Erth 0%         4d4       95%         5
 Hydra Form               Tmut           0%         N/A       95%         5
 Iskenderun's Battlesphe  Conj           0%         2d6       95%         5
 Freezing Cloud           Conj/Ice/Air   0%         6-21      100%        6
 Iron Shot                Conj/Erth      0%         9d1       100%        6
 Orb of Destruction       Conj           0%         N/A       100%        7
 Spellforged Servitor     Conj/Summ      0%         N/A       100%        7


Dungeon Overview and Level Annotations

Branches:
Dungeon (9/15)             Temple (1/1) D:6            Lair (0/6) D:9
 Bailey (1/1)
    Orc: D:9-12

Altars:
Ashenzari
Cheibriados
Elyvilon
Fedhas
Gozag
Hepliaklqana
Nemelex Xobeh
Okawaru
Ru
Sif Muna
Trog
Uskayaw
Vehumet
Wu Jian
Xom
Yredelemnul
Lugonu

Shops:
D:4 ?

Annotations:
D:4 3 runed translucent doors, indyram44's ghost, amateur GnVM
D:9 Erolcha


Innate Abilities, Weirdness & Mutations

You cannot wear most types of armour.
You are amphibious.
You can wear up to eight rings at the same time.
Your skin changes colour to match your surroundings (Stealth+).
Your rubbery body absorbs attacks. (AC +1, EV +1)
You are camouflaged near water. (Stealth+)
You have tentacles for arms and can constrict up to eight enemies at once.


Message History

You slash the orc!
You kill the orc!
Okawaru accepts your kill.
The orc warrior shoots a bolt.
The bolt hits you!!
The orc warrior shoots a bolt.
The bolt barely misses you.
The orc warrior shoots a bolt.
You block the bolt.
The orc warrior unwields a +0 arbalest.
You block the orc warrior's attack.
The orc warrior shoots a bolt.
You block the bolt.
Things that are here:
a +0 arbalest; 26 bolts; a +0 ring mail You barely miss the orc warrior.
You grab the orc warrior. You constrict the orc warrior.
The orc warrior barely misses you.
The orc warrior shoots a bolt.
You block the bolt.
You hit the orc warrior but do no damage.
The orc warrior is lightly wounded.
You constrict the orc warrior. You block the orc warrior's attack.
The orc warrior shoots a bolt.
The bolt hits you!!
* * * LOW HITPOINT WARNING * * *
You are too injured to fight recklessly!
You are too injured to fight recklessly!
You are too injured to fight recklessly!
You are too injured to fight recklessly!
You are too injured to fight recklessly!
You release your grip on the orc warrior.
The orc warrior wields a +0 arbalest.
The orc warrior shoots a bolt.
The bolt completely misses you.
The orc warrior shoots a bolt.
The bolt completely misses you.
You feel much better.
The orc warrior shoots a bolt.
The bolt hits you!!
The orc warrior shoots a bolt.
The bolt barely misses you.
Okay, then.
As you read the scroll of teleportation, it crumbles to dust.
You feel strangely unstable.
The orc warrior shoots a bolt.
You block the bolt.
You hit the orc warrior but do no damage.
You grab the orc warrior.
The orc warrior is moderately wounded.
You constrict the orc warrior, but do no damage.
The orc warrior shoots a bolt.
The bolt hits you!
* * * LOW HITPOINT WARNING * * *
The orc warrior unwields a +0 arbalest.
The orc warrior hits you!
You die...

....≈≈≈≈≈≈≈# #≈
....≈≈≈≈≈≈≈# ≈+ #≈
....≈≈≈≈≈≈≈##≈## ##≈
..≈≈≈≈≈≈≈##≈≈# #≈≈
..≈≈≈≈≈≈≈≈≈≈≈# ##≈≈
≈o≈≈≈≈≈≈≈≈≈# ##≈≈≈
≈≈≈≈≈≈≈≈≈≈# ##≈≈≈≈
#.#≈≈≈≈≈≈#######≈≈≈≈≈
..≈##.∩#@≈≈≈≈≈≈≈≈≈≈≈≈≈≈≈≈
..≈..^.o≈≈≈≈≈≈≈≈≈≈≈≈≈≈≈≈≈
..≈##.##≈≈≈≈≈≈≈≈≈≈≈≈≈≈≈≈≈
# #≈≈≈≈≈≈≈≈≈≈≈≈≈≈≈≈≈≈
≈≈≈≈≈≈≈≈≈≈≈≈≈≈≈≈≈≈≈≈≈
......................
.......................
.......................
.......................


You could see 2 orc warriors.

Vanquished Creatures
  Maurice (D:8)
  Maggie (D:8)
  Psyche (D:8)
  4 yaks
  2 water moccasins
  6 orc warriors (Bailey)
  3 sky beasts
  A black bear (D:6)
  2 necrophages (D:6)
  6 ogres
  A centaur (D:8)
  2 kobold brigands
  6 bullfrogs
  A scorpion (D:6)
  A wyvern zombie (D:6)
  6 electric eels (D:6)
  3 howler monkeys (D:8)
  A bullfrog zombie (D:5)
  2 centaur zombies (D:7)
  5 hounds
  An iron imp (D:7)
  2 jellies
  Crazy Yiuf (D:5)
  4 orc priests
  4 gnoll shamans
  4 iguanas
  Natasha (thrice) (D:4)
  3 orc wizards
  2 hound zombies (D:4)
  A hound skeleton (D:4)
  A howler monkey zombie (D:6)
  17 gnolls
  6 adders
  2 white imps
  An ufetubus (D:5)
  A worm (D:2)
  23 orcs
  6 ball pythons
  5 bats
  5 endoplasms
  5 giant cockroaches
  12 goblins
  11 hobgoblins
  13 kobolds
  4 quokkas
  6 frilled lizards
  4 rats
202 creatures vanquished.

Vanquished Creatures (others)
  An orc (D:8)
  4 fungi (D:5)
  13 plants (D:6)
18 creatures vanquished.

Grand Total: 220 creatures vanquished

Notes
Turn   | Place    | Note
-------+----------+-------------------------------------------
     0 | D:1      | Zeld the Octopode Fighter began the quest for the Orb.
     0 | D:1      | Reached XP level 1. HP: 16/16 MP: 1/1
   239 | D:1      | Reached XP level 2. HP: 21/21 MP: 2/2
   818 | D:1      | Reached XP level 3. HP: 26/26 MP: 3/3
  1595 | D:2      | Reached skill level 1 in Throwing
  1799 | D:2      | Found a faded altar of an unknown god.
  2237 | D:3      | Reached XP level 4. HP: 30/31 MP: 4/4
  2316 | D:3      | Found an opulent altar of Gozag.
  2378 | D:3      | Noticed a kobold brigand
  2810 | D:3      | Reached XP level 5. HP: 11/36 MP: 5/5
  3045 | D:3      | Killed a kobold brigand
  3692 | D:4      | Reached XP level 6. HP: 40/42 MP: 6/6
  3911 | D:4      | Reached skill level 5 in Throwing
  4215 | D:4      | Found a runed translucent gate.
  4215 | D:4      | Found a runed translucent gate.
  4215 | D:4      | Found a runed translucent gate.
  4215 | D:4      | Noticed indyram44's ghost (amateur GnVM)
  4218 | D:4      | Found a basalt altar of Yredelemnul.
  4459 | D:4      | Found Uhuhy's Magic Scroll Shop.
  4466 | D:4      | Bought a scroll of identify for 20 gold pieces
  4466 | D:4      | Bought a scroll of identify for 20 gold pieces
  4466 | D:4      | Bought a scroll of amnesia for 35 gold pieces
  4466 | D:4      | Bought a scroll of identify for 20 gold pieces
  4466 | D:4      | Bought a scroll of amnesia for 35 gold pieces
  4529 | D:4      | Found a broken altar of Ashenzari.
  4605 | D:4      | Noticed Natasha
  4610 | D:4      | Killed Natasha
  4626 | D:4      | Noticed Natasha
  4632 | D:4      | Killed Natasha
  4633 | D:4      | Reached XP level 7. HP: 41/46 MP: 7/7
  4996 | D:5      | Entered Level 5 of the Dungeon
  5178 | D:5      | Reached skill level 4 in Shields
  5457 | D:5      | HP: 2/48 [something/magic dart (6)]
  5572 | D:4      | Noticed Natasha
  5582 | D:4      | Killed Natasha
  5593 | D:4      | Bought 2 scrolls of teleportation for 60 gold pieces
  5966 | D:5      | Reached XP level 8. HP: 54/54 MP: 8/8
  6000 | D:5      | Found a runed translucent door.
  6001 | D:5      | Noticed Crazy Yiuf
  6307 | D:5      | Reached skill level 5 in Shields
  6483 | D:5      | Reached skill level 5 in Fighting
  7156 | D:5      | Found a sparkling altar of Nemelex Xobeh.
  7169 | D:5      | Reached skill level 5 in Axes
  7479 | D:5      | Killed Crazy Yiuf
  7600 | D:6      | Found a staircase to the Ecumenical Temple.
  7612 | Temple   | Entered the Ecumenical Temple
  7768 | D:6      | Reached skill level 6 in Shields
  7792 | D:6      | Reached XP level 9. HP: 54/62 MP: 9/9
  8583 | D:6      | Found an iron altar of Okawaru.
  8586 | D:6      | Became a worshipper of Warmaster Okawaru
  8895 | D:6      | Found an ornate altar of the Wu Jian Council.
  8899 | D:6      | Found a hazy altar of Hepliaklqana.
  9810 | D:6      | Reached skill level 7 in Shields
 11659 | D:7      | Found a snail-covered altar of Cheibriados.
 12163 | D:7      | Reached * piety under Okawaru
 12164 | D:7      | Reached XP level 10. HP: 49/72 MP: 10/10
 12502 | D:8      | Noticed Maurice
 12511 | D:8      | Killed Maurice
 12512 | D:8      | Reached skill level 8 in Shields
 13071 | D:8      | Noticed Maggie
 13085 | D:8      | Killed Maggie
 13601 | D:8      | Found a radiant altar of Vehumet.
 13913 | D:8      | Noticed Psyche
 14276 | D:8      | Killed Psyche
 14276 | D:8      | Reached ** piety under Okawaru
 14916 | D:9      | Noticed Erolcha
 14926 | D:9      | Found a flagged portal.
 14944 | Bailey   | Entered a bailey
 16174 | Bailey   | Reached skill level 9 in Shields
 16389 | Bailey   | Slain by an orc warrior

Illustrated notes

Levels and vault maps discovered:
D:1:      lightli_arrival_boilingwater, layout_basic, minmay_misc_feat_ornament,
          minmay_misc_feat_doors, kennysheep_crisscross,
          kennysheep_small_spiral, minmay_crystal_water, minivault_24,
          minmay_hedge_maze
D:2:      layout_loops_ring, shapermc_ecumenical_altar_flowoftime
D:3:      layout_rooms, grunt_gozag_breadcrumbs
D:4:      layout_loops_cross, general_overflow_altar,
          nicolae_yredelemnul_ghost_church, serial_shops,
          nicolae_shop_statue_plus, uniq_natasha
D:5:      layout_basic, nemelex_dance_club_becter, uniq_crazy_yiuf_cottage
D:6:      layout_cave_pools, kennysheep_mini_moat, minitemple,
          minmay_temple_entry_large_hall, serial_bayou, serial_bayou_pond_a,
          serial_bayou_crossing, serial_bayou_pond_a, serial_bayou_shore_a,
          serial_bayou_pond_d, serial_bayou_lagoon_a
D:7:      layout_cave_pods, slow_altar_1, serial_glass, glass_columns_a,
          glass_columns_b, minmay_strange_pillars, kennysheep_path_1
D:8:      layout_loops_cross, nicolae_vehumet_radiance, uniq_maurice,
          uniq_maggie, uniq_psyche
D:9:      layout_gridville, nicolae_dithmenos_shadow_blocks,
          nicolae_overflow_hidden_temple, zin_angel, enter_bailey_5,
          serial_shops, shop, uniq_erolcha
Temple:   corrupted_temple
Bailey:   bailey_polearm_2, bailey

Skill      XL: |  1  2  3  4  5  6  7  8  9 10 |
---------------+-------------------------------+-----
Throwing       | 1 3 4 6 |  6.0
Axes           | 4 5 7 8 |  8.6
Fighting       | 4 6 7 8 |  8.9
Shields        | 4 6 7 9 |  9.0
Dodging        | |  3.0

Action                   |  1- 3 |  4- 6 |  7- 9 | 10-12 || total
-------------------------+-------+-------+-------+-------++-------
Melee: War axe           |    74 |    83 |   184 |   101 ||   442
       Constrict         |    19 |    21 |    39 |    25 ||   104
       Tentacles         |    16 |    18 |    43 |    26 ||   103
       Punch             |       |       |       |     1 ||     1
Throw: Dart              |       |     8 |    43 |    24 ||    75
Invok: Heroism           |       |       |       |     2 ||     2
Evoke: Wand              |       |       |    11 |       ||    11
  Use: Potion            |       |     3 |     4 |     1 ||     8
       Scroll            |       |     5 |     4 |     4 ||    13
 Stab: Sleeping          |     9 |     1 |     4 |     2 ||    16
Armor: Skin              |     5 |     6 |     5 |     2 ||    18
Dodge: Dodged            |    34 |    34 |   102 |    48 ||   218
Block: Kite shield       |    30 |    40 |   120 |    62 ||   252

Table legend: (Time is in decaauts)
 A = Elapsed time spent in this place.
 B = Non-inter-level travel time spent in this place.
 C = Inter-level travel time spent in this place.
 D = Time resting spent in this place.
 E = Time spent auto-exploring this place.
 F = Levels seen in this place.
 G = Mean time per level.
                   A        B        C        D        E       F      G
               +--------+--------+--------+--------+--------+-----+--------+
         Total |  16557 |  16325 |    232 |   5157 |   9045 |  11 | 1505.2 |
       Dungeon |  14994 |  14773 |    221 |   4203 |   8564 |   9 | 1666.0 |
        Temple |    112 |    101 |     11 |      0 |    100 |   1 |  112.0 |
        Bailey |   1449 |   1449 |      0 |    954 |    381 |   1 | 1449.0 |
               +--------+--------+--------+--------+--------+-----+--------+

Top non-repeatable levels by time:
     D:6: 2901 daAuts
     D:7: 2303 daAuts
     D:5: 2143 daAuts
     D:8: 2058 daAuts
     D:4: 1858 daAuts
  Bailey: 1449 daAuts
     D:3: 1436 daAuts
     D:1: 1430 daAuts
     D:2: 776 daAuts
  Temple: 112 daAuts
     D:9: 86 daAuts
